 Dungeon Crawl Stone Soup version 0.20.1-1-g8b1a95d (webtiles) character file.

83 kaze the Chopper (level 4, -2/35 HPs)
             Began as a Demonspawn Berserker on Sept 15, 2017.
             Was a Believer of Trog.
             Slain by ThereIsNoGod's ghost (9 damage)
             ... on level 3 of the Dungeon on Sept 16, 2017.
             The game lasted 00:03:25 (1905 turns).

kaze the Chopper (Demonspawn Berserker)             Turns: 1905, Time: 00:03:25

Health: -2/35      AC:  9    Str: 18    XL:     4   Next: 22%
Magic:  4/4        EV: 11    Int:  9    God:    Trog [**....]
Gold:   81         SH:  0    Dex: 12    Spells: 3/3 levels left

rFire    . . .     SeeInvis .   a - +0 hand axe
rCold    . . .     Gourm    .   (no shield)
rNeg     . . .     Faith    .   q - +0 ring mail
rPois    .         Spirit   .   (no helmet)
rElec    .         Reflect  .   (no cloak)
rCorr    .         Harm     .   h - +0 pair of gloves
MR       .....                  (no boots)
Stlth    +.........             (no amulet)
Regen    0.2/turn               (no ring)
MPRegen  0.1/turn               (no ring)

@: no status effects
A: slimy green scales 2
a: Berserk, Trog's Hand, Burn Spellbooks, Renounce Religion


You were on level 3 of the Dungeon.
You worshipped Trog.
Trog was pleased with you.
You were near starving.

You visited 1 branch of the dungeon, and saw 3 of its levels.

You collected 81 gold pieces.

Inventory:

Hand Weapons
 a - a +0 hand axe (weapon)
Armour
 h - a +0 pair of gloves (worn)
 q - a +0 ring mail (worn)
Scrolls
 d - 2 scrolls of teleportation {unknown}
 f - 3 scrolls of remove curse
 j - 2 scrolls of identify {unknown}
 l - 4 scrolls of blinking {unknown}
 n - a scroll of fog {unknown}
 o - a scroll of enchant armour {unknown}
Potions
 b - a potion of might {unknown}
 e - a potion of brilliance {unknown}
 g - a potion of flight {unknown}
 k - a potion of mutation {unknown}
Comestibles
 c - 4 bread rations
 m - 2 fruits
 p - a royal jelly


   Skills:
 + Level 3.5 Fighting
 + Level 3.8 Axes
 + Level 1.8 Armour
 + Level 2.2 Dodging
 + Level 0.8 Stealth


You had 3 spell levels left.
You didn't know any spells.

Dungeon Overview and Level Annotations

Branches:
Dungeon (3/15)

Altars:
Okawaru

Annotations:
D:3 ThereIsNoGod's ghost, weakling TrFi


Innate Abilities, Weirdness & Mutations

You are mostly covered in slimy green scales. (AC +3)


Message History

You hit ThereIsNoGod's ghost.
ThereIsNoGod's ghost is almost destroyed.
ThereIsNoGod's ghost closely misses you.
You hit ThereIsNoGod's ghost but do no damage.
ThereIsNoGod's ghost is almost destroyed.
ThereIsNoGod's ghost closely misses you.
You barely miss ThereIsNoGod's ghost.
ThereIsNoGod's ghost is almost destroyed.
ThereIsNoGod's ghost hits you!
* * * LOW HITPOINT WARNING * * *
You hit ThereIsNoGod's ghost.
ThereIsNoGod's ghost is almost destroyed.
ThereIsNoGod's ghost closely misses you.
You hit ThereIsNoGod's ghost but do no damage.
ThereIsNoGod's ghost is almost destroyed.
ThereIsNoGod's ghost closely misses you.
You closely miss ThereIsNoGod's ghost.
ThereIsNoGod's ghost is almost destroyed.
ThereIsNoGod's ghost hits you!
You die...

#..# #.# ######..#
#.# ........# #.#
#######.# #.# #
#.######.# .##
#.##...#.# ###.[#
#........# #...
#...#.......####.#
#............@Wg.#
#...#.......###...[.#
##.###......#
#..#.#..<. #.
##...#.# #..##.. #.
#. ##.##....... ....
#.######.... ....
##### #. #..... ..[
..... #.###...#.
#####


You could see ThereIsNoGod's ghost and a hobgoblin.

Vanquished Creatures
  4 adders (D:2)
  An ooze (D:2)
  A worm (D:2)
  A dart slug (D:2)
  2 leopard geckos (D:2)
  A giant cockroach (D:2)
  4 goblins (D:1)
  3 hobgoblins
  4 jackals (D:1)
  2 kobolds
  8 bats
  A frilled lizard (D:1)
  7 rats
39 creatures vanquished.

Notes
Turn   | Place    | Note
-------+----------+-------------------------------------------
     0 | D:1      | kaze the Demonspawn Berserker began the quest for the Orb.
     0 | D:1      | Reached XP level 1. HP: 18/18 MP: 1/1
   572 | D:1      | Gained mutation: You are partially covered in slimy green scales. (AC +2) [demonic ancestry]
   572 | D:1      | Reached XP level 2. HP: 24/24 MP: 2/2
  1092 | D:2      | Reached ** piety under Trog
  1103 | D:2      | Gained mutation: You are mostly covered in slimy green scales. (AC +3) [demonic ancestry]
  1103 | D:2      | Reached XP level 3. HP: 20/29 MP: 3/3
  1399 | D:2      | Found an iron altar of Okawaru.
  1552 | D:2      | Reached XP level 4. HP: 34/35 MP: 4/4
  1869 | D:3      | Noticed ThereIsNoGod's ghost (weakling TrFi)
  1905 | D:3      | Slain by ThereIsNoGod's ghost

Skill      XL: |  1  2 |
---------------+-------+-----
Axes           | 3 |  3.8
Dodging        | 2 |  2.2
Fighting       | |  3.5
Armour         | |  1.8
Stealth        | |  0.8

Action                   |  1- 3 |  4- 6 || total
-------------------------+-------+-------++-------
Melee: Hand axe          |    99 |    51 ||   150
Invok: Trog's Hand       |       |     1 ||     1
  Use: Scroll            |     2 |       ||     2
 Stab: Sleeping          |     3 |       ||     3
       Distracted        |     1 |       ||     1
  Eat: Chunk             |     1 |     1 ||     2
Armor: Animal skin       |    36 |       ||    36
       Ring mail         |     3 |    31 ||    34
Dodge: Dodged            |    63 |    33 ||    96
